 Dungeon Crawl Stone Soup version 0.31-a0-1008-g5b978dac0e (webtiles) character file.

Game seed: 4541760821441457622

51 graki42 the Shield-Bearer (level 3, -2/24 HPs)
             Began as a Gargoyle Fighter on Nov 12, 2023.
             Slain by an orc wizard
             ... wielding a +0 dagger
              (3 damage)
             ... on level 3 of the Dungeon.
             The game lasted 00:02:31 (1667 turns).

graki42 the Shield-Bearer (Gargoyle Fighter)        Turns: 1667, Time: 00:02:34

Health: -2/24      AC: 10    Str: 21    XL:     3   Next: 81%
Magic:  3/3        EV:  9    Int:  8    God:
Gold:   124        SH:  4    Dex:  9    Spells: 2/2 levels left

rFire   . . .        e - +2 mace (protect)
rCold   . . .        c - +0 buckler
rNeg    + . .        b - +0 scale mail
rPois   ∞            (no helmet)
rElec   +            (no cloak)
rCorr   .            (no gloves)
SInv    .            (no boots)
Will    .....        (no amulet) Stlth
                     (no ring)
HPRegen 0.24/turn    (no ring)
MPRegen 0.08/turn

%: no passive effects
@: no status effects
A: sickness immunity, AC +3, negative energy resistance 1, electricity
resistance, torment resistance 1, petrification resistance
a: no special abilities


You were on level 3 of the Dungeon.
You visited 1 branch of the dungeon, and saw 3 of its levels.

You collected 124 gold pieces.

Inventory:

Hand Weapons
 a - a +0 flail
 e - a +2 mace of protection (weapon)
Armour
 b - a +0 scale mail (worn)
 c - a +0 buckler (worn)
Jewellery
 f - a ring of see invisible
 k - a +6 ring of dexterity
Scrolls
 g - 2 scrolls of butterflies {unknown}
 h - a scroll of silence {unknown}
 i - 2 scrolls of identify {unknown}
 j - a scroll of revelation {unknown}
 m - 3 scrolls of vulnerability {unknown}
 n - a scroll of blinking {unknown}
 o - a scroll of amnesia {unknown}
Potions
 d - 2 potions of might
 l - a potion of attraction {unknown}


   Skills:
 + Level 3.8 Fighting
 + Level 2.7 Maces & Flails
 + Level 3.8 Armour
 + Level 3.8 Shields


You had 2 spell levels left.
You didn't know any spells.
Your spell library contained the following spells:

 Spells                   Type           Power      Damage    Failure   Level
 Apportation              Tloc           0%         N/A       82%         1
 Jinxbite                 Hex            0%         N/A       91%         2
 Alistair's Intoxication  Tmut/Pois      0%         N/A       100%        5


Dungeon Overview and Level Annotations

Branches:
Dungeon (3/15)

Altars:


Innate Abilities, Weirdness & Mutations

You are immune to sickness and miasma.
Your stone body is resilient. (AC +3)
You are immune to poison.
You resist negative energy. (rN+)
You are resistant to electric shocks. (rElec)
You are resistant to unholy torment.
You are immune to petrification.


Message History

The orc wizard hits you but does no damage.
You block the orc's attack.
The orc wizard hits you with a +0 dagger.
You closely miss the orc wizard.
The orc wizard is severely wounded.
The orc hits you from afar with a +0 trident of pain.
The orc wizard hits you but does no damage.
You hit the orc wizard.
The orc wizard is almost dead.
The orc hits you from afar with a +0 trident of pain.
The orc wizard points at you and mumbles some strange words.
You are confused.
You closely miss the orc wizard.
The orc wizard is almost dead.
The orc wizard hits you but does no damage.
The orc hits you but does no damage. The orc closely misses you.
The orc wizard casts a spell.
The orc wizard flickers and vanishes!
Deactivating autopickup; reactivate with Ctrl-A.
You bump into the rock wall.
The orc closely misses you. Something hits you.
You bump into the rock wall.
Something hits you but does no damage. The orc hits you but does no damage.
You completely miss something.
The orc hits you from afar with a +0 trident of pain.
You hear some strange, mumbled words.
Something tries to affect you, but you resist.
You barely miss something.
The orc hits you from afar with a +0 trident of pain.
Something hits you.
You're too confused to move!
The orc hits you from afar with a +0 trident of pain.
* * * LOW HITPOINT WARNING * * *
Something hits you but does no damage.
You miss something.
You feel less confused.
The orc hits you from afar with a +0 trident of pain.
* * * LOW HITPOINT WARNING * * *
Something hits you but does no damage. The orc hits you but does no damage.
Something hits you.
You die... # ## #. ##. #. ... ..#.. .# .#.##..# ooo

.. #{# .##.#
###@##.....
#..[$.#
#.....# #
#.....###.####
#............#
#......##....
######<# #.
#.# #.#


You could see 3 orcs.

Vanquished Creatures
  An adder (D:2)
  A dart slug (D:1)
  An orc (D:3)
  3 endoplasms
  5 goblins
  5 hobgoblins
  2 quokkas (D:1)
  5 ball pythons
  5 bats (D:1)
  2 frilled lizards (D:2)
  2 kobolds (D:2)
  6 rats
38 creatures vanquished.

Notes
Turn   | Place    | Note
-------+----------+-------------------------------------------
     0 | D:1      | graki42 the Gargoyle Fighter began the quest for the Orb.
     0 | D:1      | Reached XP level 1. HP: 14/14 MP: 1/1
   207 | D:1      | Reached XP level 2. HP: 19/19 MP: 2/2
   849 | D:1      | Reached XP level 3. HP: 23/23 MP: 3/3
  1343 | D:2      | Found a faded altar of an unknown god.
  1667 | D:3      | HP: 1/24 [orc/+0 trident of pain (6)]
  1667 | D:3      | Slain by an orc wizard

Illustrated notes

Levels and vault maps discovered:
D:1:      dpeg_arrival_tiny_a, layout_basic, dreamdust_princess_bridge,
          minmay_quantized
D:2:      layout_basic, dilly_ecumenical_altar_fadedgnrine, minmay_pentomino_o4
D:3:      layout_loops_cross, zin_purify, minivault_19

Action                     || total
---------------------------++-------
  Melee: Mace              ||    93
         Flail             ||     8
 Armour: Scale mail        ||    88
  Dodge: Dodged            ||    40
  Block: Buckler           ||    20

Table legend: (Time is in decaauts)
 A = Elapsed time spent in this place.
 B = Non-inter-level travel time spent in this place.
 C = Inter-level travel time spent in this place.
 D = Time resting spent in this place.
 E = Time spent auto-exploring this place.
 F = Levels seen in this place.
 G = Mean time per level.
                   A        B        C        D        E       F      G
               +--------+--------+--------+--------+--------+-----+--------+
         Total |   1698 |   1648 |     50 |      0 |   1392 |   3 |  566.0 |
       Dungeon |   1698 |   1648 |     50 |      0 |   1392 |   3 |  566.0 |
               +--------+--------+--------+--------+--------+-----+--------+

Top non-repeatable levels by time:
     D:1: 931 daAuts
     D:2: 737 daAuts
     D:3: 29 daAuts
